 Dungeon Crawl Stone Soup version 0.27.1-2-g3b301248ec (webtiles) character file.

Game seed: 12684464750245892731

492 ABBCCCDDDD the Skirmisher (level 7, -2/51 HPs)
             Began as an Octopode Abyssal Knight on Sept 27, 2021.
             Was a Believer of Lugonu.
             Slain by an ice beast (10 damage)
             ... on level 5 of the Dungeon.
             The game lasted 00:12:35 (7189 turns).

ABBCCCDDDD the Skirmisher (Octopode Abyssal Knight) Turns: 7189, Time: 00:12:36

Health: -2/51      AC:  1    Str: 11    XL:     7   Next: 14%
Magic:  10/10      EV: 13    Int: 17    God:    Lugonu [**....]
Gold:   201        SH:  0    Dex: 11    Spells: 5/7 levels left

rFire    . . .     SeeInvis .   a - +2 falchion
rCold    . . .     Faith    .   (no shield)
rNeg     . . .     Spirit   .   (helmet restricted)
rPois    .         Reflect  .   (no amulet)
rElec    .         Harm     .   (no ring)
rCorr    .         Rampage  .   (no ring)
Will     .....                  (no ring)
Stlth    ++........             (no ring)
HPRegen  0.17/turn              (no ring)
MPRegen  0.12/turn              (no ring)
                                (no ring)
                                (no ring)

@: mighty, studying Fighting
A: almost no armour, amphibious, 8 rings, camouflage 1, gelatinous body 1,
(nimble swimmer 1), tentacles
a: Renounce Religion, Depart the Abyss, Bend Space


You were on level 5 of the Dungeon.
You worshipped Lugonu.
Lugonu was pleased with you.
You visited 1 branch of the dungeon, and saw 5 of its levels.
You visited the Abyss 1 time.

You collected 201 gold pieces.

Inventory:

Hand Weapons
 a - a +2 falchion (weapon)
 f - a +0 dagger
 j - a +0 rapier
 k - a +0 hunting sling of freezing
 m - a +0 trident
Jewellery
 p - a ring of fire
Scrolls
 c - a scroll of enchant weapon
 d - a scroll of amnesia
 l - 2 scrolls of magic mapping {unknown}
 n - a scroll of holy word {unknown}
 o - a scroll of identify
Potions
 b - a potion of lignification {unknown}
 e - a potion of might
 g - a potion of berserk rage {unknown}
 h - 2 potions of haste {unknown}
 i - 2 potions of magic


   Skills:
 + Level 5.9 Fighting
 + Level 4.3 Long Blades
 - Level 2.3 Dodging
 + Level 0.7 Spellcasting
 + Level 1.0 Hexes
 + Level 1.2 Ice Magic
 + Level 4.7 Invocations


You had 5 spell levels left.
You knew the following spells:

 Your Spells              Type           Power      Damage    Failure   Level
a - Ensorcelled Hibernat  Hex/Ice        8%         N/A       22%         2

Your spell library contained the following spells:

 Spells                   Type           Power      Damage    Failure   Level
 Corona                   Hex            4%         N/A       14%         1
 Tukima's Dance           Hex            4%         N/A       41%         3


Dungeon Overview and Level Annotations

Branches:
Dungeon (5/15)             Temple (0/1) D:4

Altars:
Elyvilon
Okawaru
Vehumet
Yredelemnul

Annotations:
D:2 Sigmund
D:3 exclusion: centaur


Innate Abilities, Weirdness & Mutations

You cannot wear most types of armour.
You are amphibious.
You can wear up to eight rings at the same time.
Your skin changes colour to match your surroundings (Stealth+).
Your rubbery body absorbs attacks. (AC +1, EV +1)
((You are camouflaged near water. (Stealth+)))
You have tentacles for arms and can constrict up to eight enemies at once.


Message History

The ice beast closely misses you.
You hit the ice beast.
The ice beast is severely wounded.
The ice beast hits you. The ice beast freezes you!
You closely miss the ice beast.
The ice beast is severely wounded.
The ice beast hits you.
* * * LOW HITPOINT WARNING * * *
The ice beast freezes you.
* * * LOW HITPOINT WARNING * * *
You see here a +3 leather armour.
You see here a +0 club.
You see here a +3 leather armour.
You see here a +0 club.
The ice beast hits you.
* * * LOW HITPOINT WARNING * * *
The ice beast freezes you.
* * * LOW HITPOINT WARNING * * *
Casting: Ensorcelled Hibernation (safe; 22% risk of failure)
Confirm with . or Enter, or press ? or * to list all spells.
Okay, then.
You see here a +3 leather armour.
Space bends around you!
You blink.
Okay, then.
Okay, then.
The ice beast closely misses you.
You feel very mighty all of a sudden.
You hit the ice beast but do no damage.
The ice beast is lightly wounded.
The ice beast hits you. The ice beast freezes you!
* * * LOW HITPOINT WARNING * * *
You slash the ice beast!
The ice beast is moderately wounded.
The ice beast barely misses you.
You closely miss the ice beast.
The ice beast is moderately wounded.
The ice beast hits you.
* * * LOW HITPOINT WARNING * * *
The ice beast freezes you!
You die...

#...# ########
#..o####......#
'...##..o...#.#
#...##..(..##.#
#...#......##.#
#........####.#
#############.###
...........#..#.####
.##...####......@..#####
..#......#...##Y###....#
<...#.##.######.#
#.##.## .####.##.# #.#
#.##..# .# #....#
#.###.##..###.#
#####.##.#
#.............# #......#
#####....###### ######.#
###.## #.# #.#


You could see an ice beast.

Levels and vault maps discovered:
D:1:      elethiomel_arrival_maze, layout_basic, ebering_ecumenical_altar_box,
          skrybe_limestone_x, kennysheep_small_spiral
D:2:      layout_loops_ring, minmay_rat_gold_closets, uniq_sigmund
D:3:      layout_loops_ring, mainiacjoe_overflow_two_lobes, vehumet_crystals,
          mainiacjoe_overflow_chevrons
D:4:      layout_rooms, marbit_many_paths, grunt_temple_overflow_open,
          minmay_temple_entry_mist, minivault_14
D:5:      minmay_opposing_rooms, layout_basic

Notes
Turn   | Place    | Note
-------+----------+-------------------------------------------
     0 | Abyss:1  | ABBCCCDDDD the Octopode Abyssal Knight began the quest for
                  | the Orb.
     0 | Abyss:1  | Reached XP level 1. HP: 16/16 MP: 2/2
    16 | Abyss:1  | Found a stormy altar of Qazlal.
    35 | Abyss:1  | Noticed a smoke demon
    36 | Abyss:1  | Noticed an orange demon
    39 | Abyss:1  | Noticed an apocalypse crab
    53 | Abyss:1  | Noticed a bone dragon
    61 | Abyss:1  | Noticed a small abomination
    65 | Abyss:1  | Noticed a chaos spawn
    78 | Abyss:1  | Noticed a small abomination
    87 | Abyss:1  | Noticed an orange demon
   115 | Abyss:2  | Noticed a fire bat
   157 | Abyss:2  | Found a hazy altar of Hepliaklqana.
   176 | Abyss:2  | Noticed a small abomination
   202 | Abyss:2  | Noticed an earth elemental
   208 | Abyss:2  | Noticed a smoke demon
   214 | D:1      | Escaped the Abyss
   579 | D:1      | Found a faded altar of an unknown god.
   812 | D:1      | Reached XP level 2. HP: 14/21 MP: 3/3
  1761 | D:2      | Noticed Sigmund
  1816 | D:2      | Reached XP level 3. HP: 14/26 MP: 4/4
  1969 | D:2      | Reached * piety under Lugonu
  2792 | D:3      | Found a basalt altar of Yredelemnul.
  2793 | D:3      | Noticed a centaur
  3230 | D:3      | Found an iron altar of Okawaru.
  3462 | D:3      | Identified a scroll of acquirement
  3463 | D:3      | Acquired a manual of Fighting
  3747 | D:3      | Reached XP level 4. HP: 25/33 MP: 6/6
  4075 | D:3      | Found a radiant altar of Vehumet.
  4189 | D:3      | You fall into a shaft and drop 2 floors!
  4189 | D:5      | Entered Level 5 of the Dungeon
  4370 | D:5      | Reached skill level 4 in Fighting
  4399 | D:4      | Reached XP level 5. HP: 30/37 MP: 7/7
  4723 | D:3      | Found a white marble altar of Elyvilon.
  4873 | D:4      | Noticed a phantom
  5096 | D:4      | Reached skill level 5 in Fighting
  5167 | D:4      | Noticed a steam dragon
  5184 | D:4      | Noticed a black bear
  5254 | D:3      | Reached XP level 6. HP: 28/45 MP: 9/9
  5476 | D:4      | Found a staircase to the Ecumenical Temple.
  6212 | D:5      | Reached ** piety under Lugonu
  6227 | D:5      | Learned a level 2 spell: Ensorcelled Hibernation
  6270 | D:5      | Noticed an ice beast
  6404 | D:5      | Reached XP level 7. HP: 43/51 MP: 10/10
  6410 | D:5      | Reached skill level 1 in Ice Magic
  6486 | D:5      | Reached skill level 1 in Hexes
  7189 | D:5      | Slain by an ice beast

Table legend: (Time is in decaauts)
 A = Elapsed time spent in this place.
 B = Non-inter-level travel time spent in this place.
 C = Inter-level travel time spent in this place.
 D = Time resting spent in this place.
 E = Time spent auto-exploring this place.
 F = Levels seen in this place.
 G = Mean time per level.
                   A        B        C        D        E       F      G
               +--------+--------+--------+--------+--------+-----+--------+
         Total |   7224 |   7022 |    202 |   2644 |   2681 |   7 | 1032.0 |
       Dungeon |   7010 |   6808 |    202 |   2644 |   2666 |   5 | 1402.0 |
         Abyss |    213 |    213 |      0 |      0 |     15 |   2 |  106.5 |
               +--------+--------+--------+--------+--------+-----+--------+

Top non-repeatable levels by time:
     D:3: 2695 daAuts
     D:1: 1407 daAuts
     D:2: 1396 daAuts
     D:5: 1099 daAuts
     D:4: 411 daAuts
 Abyss:2: 125 daAuts
 Abyss:1: 88 daAuts

Table legend:
 A = Kills in this place as a percentage of kills in entire the game.
 B = Kills by you in this place as a percentage of kills by you in the entire game.
 C = Kills by friends in this place as a percentage of kills by friends in the entire game.
 D = Other kills in this place as a percentage of other kills in the entire game.
 E = Experience gained in this place as a percentage of experience gained in the entire game.
 F = Experience gained in this place divided by the number of levels of this place that you have seen.
                   A       B       C       D       E      F
               +-------+-------+-------+-------+-------+----------------------
         Total | 100.0 | 100.0 |   N/A |   N/A | 100.0 | 100.6
       Dungeon | 100.0 | 100.0 |   N/A |   N/A | 100.0 | 140.8
               +-------+-------+-------+-------+-------+----------------------

Action                   |  1- 3 |  4- 6 |  7- 9 || total
-------------------------+-------+-------+-------++-------
Melee: Falchion          |    81 |    72 |    28 ||   181
       Constrict         |    25 |    22 |     4 ||    51
       Tentacles         |    17 |    20 |     4 ||    41
Invok: Depart the Abyss  |     1 |       |       ||     1
       Bend Space        |       |       |     2 ||     2
  Use: Scroll            |     6 |     2 |       ||     8
       Potion            |       |       |     1 ||     1
 Stab: Sleeping          |     9 |     6 |       ||    15
       Distracted        |       |     1 |       ||     1
Armor: Skin              |     5 |    11 |     1 ||    17
Dodge: Dodged            |    45 |    52 |    16 ||   113
       Rpst.: Falchion   |    11 |    11 |     4 ||    26

Vanquished Creatures
  2 scorpions
  A howler monkey (D:5)
  A jelly (D:5)
  A hound (D:3)
  2 orc priests
  A bullfrog skeleton (D:5)
  An orc wizard (D:5)
  2 hound skeletons
  5 adders
  A worm (D:3)
  A dart slug (D:3)
  12 orcs
  4 endoplasms
  9 goblins
  5 hobgoblins
  7 jackals
  2 quokkas (D:3)
  6 ball pythons
  3 bats
  3 frilled lizards
  3 kobolds
  10 rats
82 creatures vanquished.
